 Seeded DCSS version 0.30.1-9-gdf580d7c3d (webtiles) character file.

Game seed: 2394977854812512649 (custom seed)

165 Psyclone the Conjurer (level 5, 33/33 HPs)
             Began as a Deep Elf Conjurer on Oct 13, 2023.
             Was an Initiate of Gozag.
             Quit the game on level 5 of the Dungeon.
             The game lasted 00:03:05 (1303 turns).

Psyclone the Conjurer (Deep Elf Conjurer)           Turns: 1303, Time: 00:03:05

Health: 33/33      AC:  2    Str:  4    XL:     5   Next: 22%
Magic:  6/11       EV: 12    Int: 25    God:    Gozag
Gold:   169        SH:  0    Dex: 13    Spells: 7/10 levels left

rFire   . . .        c - +2 dagger (elec)
rCold   . . .        (no shield)
rNeg    . . .        a - +0 robe
rPois   .            (helmet restricted)
rElec   .            (no cloak)
rCorr   .            (no gloves)
SInv    .            (no boots)
Will    .....        (no amulet)
Stlth   ++           (no ring)
HPRegen 0.25/turn    (no ring)
MPRegen 0.12/turn

%: no passive effects
@: no status effects
A: beak, robust 2, wild magic 1, evolution 1, no potion heal 1
a: Renounce Religion, Potion Petition, Call Merchant, Bribe Branch


You were on level 5 of the Dungeon.
You worshipped Gozag.
Gozag was aware of your devotion.
You visited 2 branches of the dungeon, and saw 6 of its levels.

You collected 2687 gold pieces.
You paid 2518 gold pieces to Gozag.

Inventory:

Hand Weapons
 c - a +2 dagger of electrocution (weapon)
Armour
 a - a +0 robe (worn)
Scrolls
 d - 2 scrolls of identify {unknown}
Potions
 b - a potion of magic
 e - a potion of lignification {unknown}
 f - a potion of brilliance {unknown}


   Skills:
 - Level 2.4 Dodging
 - Level 2.4 Stealth
 - Level 3.0 Spellcasting
 + Level 7.2 Conjurations


You had 7 spell levels left.
You knew the following spells:

 Your Spells              Type           Power      Damage    Failure   Level
a - Magic Dart            Conj           100%       1d8       1%          1
b - Searing Ray           Conj           100%       2d8       1%          2

Your spell library contained the following spells:

 Spells                   Type           Power      Damage    Failure   Level
 Dazzling Flash           Conj/Hex       56%        N/A       11%         3
 Fulminant Prism          Conj/Hex       14%        3d8       30%         4
 Iskenderun's Mystic Bla  Conj/Tloc      28%        2d7       30%         4


Dungeon Overview and Level Annotations

Branches:
Dungeon (5/15) Zot: 26685  Temple (1/1) D:5 Zot: 5366

Altars:
Dithmenos
Gozag
Xom
Zin

Shops:
D:2 !   Temple :::


Innate Abilities, Weirdness & Mutations

You have a beak for a mouth.
You are very robust. (+20% HP)
Your spells are a little harder to cast, but a little more powerful.
You have hidden genetic potential.
Potions are less effective at restoring your health.


Message History

The searing ray misses the ogre. (Press . to maintain the ray.)
You now have 8/10 mp.
The searing ray hits the ogre.
The ogre is moderately wounded.
The ogre barely misses you.
You now have 7/10 mp.
The searing ray hits the ogre.
The ogre is heavily wounded.
The ogre misses you.
You now have 6/10 mp.
The searing ray hits the ogre!
The ogre is severely wounded.
You finish channelling your searing ray.
You now have 5/10 mp.
Casting: Searing Ray (safe; 2% risk of failure)
Confirm with . or Enter, or press ? or * to list all spells.
Aiming: Searing Ray (safe; 2% risk of failure)
Press: ? - help, Shift-Dir - straight line, f/p - ogre
Aim: an ogre, wielding a +0 giant spiked club (severely wounded, 91% to hit)
The searing ray misses the ogre. (Press . to maintain the ray.)
The ogre closely misses you.
You now have 3/10 mp.
The searing ray hits the ogre!
You kill the ogre!
Your Conjurations skill increases to level 7!
You have reached level 5!
Health restored: 33 You now have 2/11 mp.
You now have 169 gold pieces (gained 17).
You see here a +0 giant spiked club.
You start resting.
You feel a genetic drift.
Your mouth lengthens and hardens into a beak!
Your hidden genetic potential wanes.
You regained 4 mp, and now have 6/11 mp.
Unknown command.
Unknown command.
Are you sure you want to abandon this character and quit the game? (Confirm with "yes".)

+####....
#....................
#....................
+....................
#....................
#....................
#....................
#....................
######...@................
#.......##############'#..
#.......#.........#....#..
#.......#.........#....#..
#.......#..............#..
#.......#......#.#.....#..
#.......#.....#.#.#....#..
#............#.#.#.#...#..
#.............#.>.#...##


There were no monsters in sight!

Vanquished Creatures
  An ogre (D:5)
  A hound (D:5)
  A sleepcap (D:5)
  A dart slug (D:5)
  An orc (D:3)
  2 ball pythons
  2 endoplasms (D:1)
  A giant cockroach (D:1)
  2 goblins
  A hobgoblin (D:1)
  4 jackals (D:5)
  A bat (D:1)
  A frilled lizard (D:2)
  2 rats
21 creatures vanquished.

Notes
Turn   | Place    | Note
-------+----------+-------------------------------------------
     0 | D:1      | Psyclone the Deep Elf Conjurer began the quest for the Orb.
     0 | D:1      | Reached XP level 1. HP: 10/10 MP: 6/6
    21 | D:1      | Identified a scroll of acquirement
    21 | D:1      | Acquired 1272 gold pieces
   102 | D:1      | Reached XP level 2. HP: 15/15 MP: 5/8
   105 | D:1      | Learned a level 2 spell: Searing Ray
   173 | D:2      | Reached skill level 5 in Conjurations
   174 | D:2      | Found Utwiat's Distillery.
   254 | D:3      | Gained mutation: You are robust. (+10% HP) [potion of
                  | mutation]
   254 | D:3      | Gained mutation: You are very robust. (+20% HP) [potion of
                  | mutation]
   254 | D:3      | Gained mutation: You are agile. (Dex +4, Str/Int -1)
                  | [potion of mutation]
   254 | D:3      | Gained mutation: You have hidden genetic potential. [potion
                  | of mutation]
   263 | D:3      | Lost mutation: You are very robust. (+20% HP) [potion of
                  | mutation]
   263 | D:3      | Lost mutation: You are agile. (Dex +4, Str/Int -1) [potion
                  | of mutation]
   263 | D:3      | Gained mutation: Potions are less effective at restoring
                  | your health. [potion of mutation]
   263 | D:3      | Gained mutation: You have great hidden genetic potential.
                  | [potion of mutation]
   263 | D:3      | Gained mutation: You are very robust. (+20% HP) [potion of
                  | mutation]
   324 | D:3      | Acquired 1296 gold pieces
   350 | D:4      | Noticed an ice beast
   355 | D:5      | Entered Level 5 of the Dungeon
   364 | D:5      | Found a staircase to the Ecumenical Temple.
   373 | Temple   | Entered the Ecumenical Temple
   384 | Temple   | Became a worshipper of Gozag Ym Sagoz the Greedy
  1010 | D:5      | Found a glowing silver altar of Zin.
  1086 | D:5      | Reached XP level 3. HP: 22/22 MP: 1/9
  1096 | D:5      | Gained mutation: Your spells are a little harder to cast,
                  | but a little more powerful. [hidden potential]
  1212 | D:5      | Reached skill level 6 in Conjurations
  1212 | D:5      | Reached XP level 4. HP: 24/28 MP: 5/10
  1266 | D:5      | Noticed an ogre
  1273 | D:5      | Killed an ogre
  1274 | D:5      | Reached skill level 7 in Conjurations
  1274 | D:5      | Reached XP level 5. HP: 33/33 MP: 2/11
  1302 | D:5      | Gained mutation: You have a beak for a mouth. [hidden
                  | potential]
  1302 | D:5      | Lost mutation: You have great hidden genetic potential.
                  | [hidden potential expressed]
  1303 | D:5      | Quit the game

Illustrated notes

Levels and vault maps discovered:
D:1:      saegor_arrival_simple_c, layout_rooms
D:2:      layout_basic, serial_shops, shop, uniq_sigmund
D:3:      layout_basic, marbit_many_paths, serial_curves, eino_curves_01,
          eino_curves_03
D:4:      layout_cave_pools, kennysheep_mini_moat, dk_noncrumbling_3
D:5:      layout_gridville, mainiacjoe_overflow_alcove_1,
          minmay_temple_entry_grid, grunt_decor_arrowhead,
          uniq_crazy_yiuf_cottage
Temple:   hellmonk_temple_flake

Skill      XL: |  1  2  3  4 |
---------------+-------------+-----
Conjurations   | 5 6 7 |  7.2
Dodging        | |  2.4
Stealth        | |  2.4
Spellcasting   | |  3.0

Action                     |  1- 3 |  4- 6 || total
---------------------------+-------+-------++-------
  Melee: Dagger            |     1 |       ||     1
   Cast: Magic Dart        |    20 |       ||    20
         Searing Ray       |     3 |     2 ||     5
 Invoke: Call Merchant     |     3 |       ||     3
    Use: Scroll            |     2 |       ||     2
         Potion            |     2 |       ||     2
 Armour: Robe              |     2 |       ||     2
  Dodge: Dodged            |       |     3 ||     3
